 Dungeon Crawl Stone Soup version 0.17.1-1-g73c8601 (console) character file.

51 Kloppie the Chopper (level 3, 0/35 HPs)
             Began as a Hill Orc Fighter on Dec 11, 2015.
             Succumbed to a goblin's poison
             ... on level 2 of the Dungeon.
             The game lasted 00:02:38 (1352 turns).

Kloppie the Chopper (Hill Orc Fighter)              Turns: 1352, Time: 00:02:38

Health: 0/35       AC: 11    Str: 18    XL:     3   Next: 81%
Magic:  3/3        EV:  7    Int:  8    God:
Gold:   32         SH:  9    Dex: 11    Spells: 0 memorised, 2 levels left

rFire  . . .     SeeInvis .     a - +0 war axe
rCold  . . .     Clarity  .     b - +0 scale mail
rNeg   . . .     SustAt   .     c - +0 shield
rPois  .         Gourm    .     (no helmet)
rElec  .         Spirit   .     (no cloak)
rCorr  .         Warding  .     g - +0 pair of gloves
rMut   .         Stasis   .     (no boots)
MR     .....                    (no amulet)
Stlth  ..........               (no ring)
                                (no ring)

@: lethally poisoned (0 -> -7), not resistant to hostile enchantments, extremely
unstealthy
A: rugged brown scales 1, yellow scales 1, deterioration 1, wild magic 1
a: no special abilities


You were on level 2 of the Dungeon.
You were hungry.

You visited 1 branch of the dungeon, and saw 2 of its levels.

You collected 32 gold pieces.

Inventory:

Hand Weapons
 a - a +0 war axe (weapon)
Armour
 b - a +0 scale mail (worn)
 c - a +0 shield (worn)
 g - a +0 pair of gloves (worn)
Scrolls
 k - 2 scrolls of teleportation {unknown}
 m - a scroll of identify {unknown}
 n - a scroll of remove curse {unknown}
Potions
 d - a potion of might
Comestibles
 e - a bread ration
 h - a slice of pizza
 i - 2 meat rations
 l - a royal jelly


   Skills:
 + Level 4.4 Fighting
 + Level 4.5 Axes
 - Level 3.2 Armour
 - Level 3.2 Shields


You had 2 spell levels left.
You didn't know any spells.

Dungeon Overview and Level Annotations

Branches:
Dungeon (2/15)

Altars:
Okawaru


Innate Abilities, Weirdness & Mutations

You are partially covered in rugged brown scales (AC +1, +3% HP).
You are partially covered in yellow scales (AC +2).
Your body sometimes deteriorates upon taking damage.
Your spells are a little harder to cast, but a little more powerful.


Message History

You feel sick.
A giant cockroach comes into view.
* * * LOW HITPOINT WARNING * * *
You feel sick.
* * * LOW HITPOINT WARNING * * *
You feel sick.
* * * LOW HITPOINT WARNING * * *
You feel sick.
The giant cockroach bites you but does no damage.
You barely miss the giant cockroach.
* * * LOW HITPOINT WARNING * * *
You feel sick. The giant cockroach closely misses you.
You block the giant cockroach's attack.
You slash the giant cockroach!
You kill the giant cockroach!
* * * LOW HITPOINT WARNING * * *
You feel sick.
* * * LOW HITPOINT WARNING * * *
You feel sick.
You die...

#### ...
######.####..
#....@......#
#.####.######
#.# !# #.# .#
#.# .# #####.#
.. #.....#.# .#
#######)#####.#
## #.......#
#.#


There were no monsters in sight!

Vanquished Creatures
  2 adders (D:2)
  An ooze (D:1)
  A worm (D:2)
  2 ball pythons (D:2)
  A bat (D:2)
  3 giant cockroaches
  2 hobgoblins
  A kobold (D:1)
  3 giant newts
  4 goblins
  7 rats
27 creatures vanquished.

Notes
Turn   | Place    | Note
--------------------------------------------------------------
     0 | D:1      | Kloppie the Hill Orc Fighter began the quest for the Orb.
     0 | D:1      | Reached XP level 1. HP: 19/19 MP: 1/1
   482 | D:1      | Reached XP level 2. HP: 27/27 MP: 2/2
   517 | D:1      | Reached skill level 4 in Fighting
   767 | D:2      | Reached XP level 3. HP: 23/33 MP: 3/3
  1208 | D:2      | Found an iron altar of Okawaru.
  1337 | D:2      | Gained mutation: Your body sometimes deteriorates upon taking damage. [potion of mutation]
  1337 | D:2      | Gained mutation: You have a pair of small antennae on your head. [potion of mutation]
  1337 | D:2      | Gained mutation: Your spells are a little harder to cast, but a little more powerful. [potion of mutation]
  1338 | D:2      | Lost mutation: You have a pair of small antennae on your head. [potion of mutation]
  1338 | D:2      | Gained mutation: You are partially covered in yellow scales (AC +2). [potion of mutation]
  1338 | D:2      | Gained mutation: You are partially covered in rugged brown scales (AC +1, +3% HP). [potion of mutation]
  1351 | D:2      | HP: 1/35 [poisoned by a goblin]
  1352 | D:2      | Succumbed to a goblin's poison

Action                   || total
-------------------------++-------
Melee: War axe           ||    96
  Use: Potion            ||     3
  Eat: Chunk             ||     1
